 Dungeon Crawl Stone Soup version 0.21.1-1-g345015f (webtiles) character file.

168 Kagorn the Cudgeler (level 5, 0/79 HPs)
             Began as a Troll Berserker on July 5, 2018.
             Was a Believer of Trog.
             Slain by an orc
             ... wielding a +2 flail of holy wrath
              (5 damage)
             ... on level 3 of the Dungeon.
             The game lasted 00:12:02 (2342 turns).

Kagorn the Cudgeler (Troll Berserker)               Turns: 2342, Time: 00:12:05

Health: 0/79       AC:  5    Str: 30    XL:     5   Next: 23%
Magic:  4/4        EV: 10    Int:  3    God:    Trog [**....]
Gold:   147        SH:  0    Dex: 10    Spells: 4/4 levels left

rFire    . . .     SeeInvis +   e - +0 whip
rCold    . . .     Gourm    +   (no shield)
rNeg     . . .     Faith    .   t - +0 robe
rPois    .         Spirit   .   (helmet restricted)
rElec    .         Reflect  .   (no cloak)
rCorr    .         Harm     .   (gloves unavailable)
MR       ++...                  (boots unavailable)
Stlth    ..........             (no amulet)
HPRegen  1.63/turn              g - +3 ring of slaying
MPRegen  0.09/turn              h - ring of see invisible

@: berserking, regenerating, very quick
A: large, unfitting armour, claws 3, fast metabolism 3, gourmand, regeneration
1, shaggy fur 1, tough skin 2
a: Berserk, Trog's Hand, Burn Spellbooks, Renounce Religion


You were on level 3 of the Dungeon.
You worshipped Trog.
Trog was pleased with you.
You were very full.

You visited 1 branch of the dungeon, and saw 3 of its levels.

You collected 147 gold pieces.

Inventory:

Hand Weapons
 a - a +0 mace
 e - a +0 whip (weapon)
Armour
 b - a +0 animal skin
 t - a +0 robe (worn)
Jewellery
 g - a +3 ring of slaying (left claw)
 h - a ring of see invisible (right claw)
 m - an uncursed amulet of the gourmand
Wands
 k - a wand of flame (17)
Scrolls
 l - 2 scrolls of teleportation
 n - 2 scrolls of remove curse
 p - 2 scrolls of identify
 u - 2 scrolls of immolation
Potions
 d - 3 potions of agility
 f - a potion of might {unknown}
 i - 2 potions of flight {unknown}
 o - a potion of haste {unknown}
 q - a potion of brilliance {unknown}
 r - a potion of mutation {unknown}
 s - 2 potions of curing {unknown}
Comestibles
 c - 6 rations
 j - a chunk of flesh


   Skills:
 * Level 3.4 Fighting
 * Level 3.6 Maces & Flails
 + Level 1.2 Armour
 + Level 2.9 Dodging
 + Level 0.7 Stealth


You had 4 spell levels left.
You didn't know any spells.

Dungeon Overview and Level Annotations

Branches:
Dungeon (3/15)

Altars:
Uskayaw
The Shining One


Innate Abilities, Weirdness & Mutations

You are too large for most types of armour.
You have claws for hands.
Your metabolism is lightning-fast.
You like to eat raw meat.
Your natural rate of healing is unusually fast.
You are covered in fur. (AC +1)
You have very tough skin. (AC +2)


Message History

You feel yourself moving faster!
You feel mighty! The orc hits you but does no damage.
The orc wizard hits you but does no damage.
You closely miss the orc wizard.
The orc wizard is lightly wounded.
The orc hits you with a flail!
* * * LOW HITPOINT WARNING * * *
The orc barely misses you. The orc wizard hits you with a dagger.
* * * LOW HITPOINT WARNING * * *
You miss the orc wizard.
The orc wizard is lightly wounded.
You feel the effects of Trog's Hand fading.
You whack the orc wizard!
The orc wizard is almost dead.
The orc barely misses you.
The orc wizard gestures at you while chanting.
The puff of frost hits you!
* * * LOW HITPOINT WARNING * * *
The orc hits you with a flail of holy wrath.
You die...

####################
............@oo....#
#######......oo...#.#
........#########.#
##
#..###..##........#
.#
+................>#
##
#...##..##.######.# #
#...##..##.# #
#...##..##.#
#.##...##..##.#


You could see an orc wizard and 3 orcs.

Vanquished Creatures
  A bullfrog (D:2)
  An orc priest (D:3)
  An adder (D:3)
  An ooze (D:1)
  2 worms
  A dart slug (D:1)
  2 leopard geckos (D:3)
  2 orcs (D:3)
  2 giant cockroaches (D:1)
  4 goblins
  8 hobgoblins
  2 jackals (D:3)
  4 kobolds
  2 quokkas
  A ball python (D:3)
  8 bats
  4 frilled lizards
  6 rats
52 creatures vanquished.

Notes
Turn   | Place    | Note
-------+----------+-------------------------------------------
     0 | D:1      | Kagorn the Troll Berserker began the quest for the Orb.
     0 | D:1      | Reached XP level 1. HP: 22/22 MP: 0/0
    94 | D:1      | Reached XP level 2. HP: 29/29 MP: 1/1
   912 | D:1      | You fall through a shaft!
  1140 | D:2      | Reached XP level 3. HP: 26/36 MP: 2/2
  1697 | D:2      | Noticed a bullfrog
  1705 | D:2      | Killed a bullfrog
  1705 | D:2      | Reached skill level 1 in Armour
  1705 | D:2      | Reached XP level 4. HP: 6/45 MP: 3/3
  1920 | D:3      | Reached ** piety under Trog
  2061 | D:3      | Found a glowing golden altar of the Shining One.
  2109 | D:3      | Found a hide-covered altar of Uskayaw.
  2118 | D:3      | Noticed a dagger
  2119 | D:3      | Noticed a dagger
  2321 | D:3      | Reached XP level 5. HP: 53/53 MP: 4/4
  2342 | D:3      | Slain by an orc

Skill      XL: |  1  2  3 |
---------------+----------+-----
Maces & Flails | 3 |  3.6
Fighting       | 3 |  3.4
Armour         | 1 |  1.2
Dodging        | |  2.9
Stealth        | |  0.7

Action                   |  1- 3 |  4- 6 || total
-------------------------+-------+-------++-------
Melee: Mace              |    24 |       ||    24
       Whip              |    89 |    59 ||   148
Invok: Burn Spellbooks   |       |     1 ||     1
       Berserk           |       |     1 ||     1
       Trog's Hand       |       |     1 ||     1
  Use: Scroll            |     5 |     1 ||     6
 Stab: Sleeping          |       |     1 ||     1
  Eat: Chunk             |    21 |     6 ||    27
Armor: Animal skin       |    45 |       ||    45
       Robe              |     5 |    10 ||    15
Dodge: Dodged            |    65 |    33 ||    98
